 Dungeon Crawl Stone Soup version 0.17.1-3-g152610e (webtiles) character file.

13570 inmateoo the Spear-Bearer (level 12, -14/80 HPs)
             Began as an Octopode Gladiator on Feb 21, 2016.
             Was the Champion of Cheibriados.
             Demolished by an ettin
             ... wielding a +0 dire flail
              (24 damage)
             ... on level 11 of the Dungeon.
             The game lasted 00:37:21 (11480 turns).

inmateoo the Spear-Bearer (Octopode Gladiator)     Turns: 11480, Time: 00:37:22

Health: -14/80     AC:  3    Str: 35    XL:     12   Next: 7%
Magic:  21/23      EV: 21    Int: 33    God:    Cheibriados [******]
Gold:   617        SH:  0    Dex: 31    Spells: 6 memorised, 4 levels left

rFire  . . .     SeeInvis +     a - +2 trident
rCold  . . .     Clarity  +     (no shield)
rNeg   + + .     SustAt   .     b - +0 hat
rPois  +         Gourm    .     r - amulet of regeneration
rElec  .         Spirit   .     R - ring of the Pariah {+Fly rN++ MR+++ Stlth-}
rCorr  .         Warding  .     (no ring)
rMut   .         Stasis   .     (no ring)
MR     ++++.                    t - ring "Ruh Kier" {rPois Str+4 Int+4 SInv}
Stlth  ++........               I - +3 ring of dexterity
                                M - +3 ring of intelligence
                                (no ring)
                                (no ring)

@: repel missiles, very slow, incredibly resistant to hostile enchantments,
unstealthy
A: almost no armour, amphibious, 8 rings, constrict 8, tentacle spike 1, slimy
green scales 1, camouflage 1, clarity, high mp 1, magic resistance 1,
regeneration 1, weak 1, gelatinous body 1
a: Bend Time, Temporal Distortion, Slouch, Step From Time, Renounce Religion,
Evoke Flight


You were on level 11 of the Dungeon.
You worshipped Cheibriados.
Cheibriados was exalted by your worship.
You were not hungry.

You visited 3 branches of the dungeon, and saw 13 of its levels.
You also visited: Labyrinth, Sewer and Ice Cave.

You collected 956 gold pieces.
You spent 339 gold pieces at shops.

Inventory:

Hand Weapons
 a - a +2 trident (weapon)
 n - a -2 halberd
 u - a +0 spear of piercing
 G - the +6 war axe "Niuhew" {chop, *Noise rElec rC- MP+9}
   (You took it off a minotaur in a labyrinth)

   It inflicts extra damage upon your enemies.
   It makes you vulnerable to cold.
   It insulates you from electricity.
   It affects your magic capacity (+9).
   It may make noises in combat.
Missiles
 c - 4 throwing nets (quivered)
Armour
 b - a +0 hat (worn)
 e - a +0 buckler
Rods
 N - a +2 rod of inaccuracy (9/9)
   (You found it in a labyrinth)
 P - a +0 rod of ignition (9/9)
   (You found it in a labyrinth)
Jewellery
 r - an amulet of regeneration (around mantle)
 t - the ring "Ruh Kier" (on tentacle) {rPois Str+4 Int+4 SInv}
   (You took it off a minotaur in a labyrinth)

   [ring of see invisible]

   It affects your strength (+4).
   It affects your intelligence (+4).
   It protects you from poison.
   It lets you see invisible.
 I - a +3 ring of dexterity (on tentacle)
 L - an uncursed ring of teleportation
 M - a +3 ring of intelligence (on tentacle)
 R - the ring of the Pariah (left tentacle) {+Fly rN++ MR+++ Stlth-}
   (You found it in a labyrinth)

   [ring of flight]

   It greatly protects you from negative energy.
   It affects your resistance to hostile enchantments.
   It lets you fly.
   It makes you less stealthy.
Wands
 g - a wand of paralysis (18)
 k - a wand of confusion (31)
 o - a wand of slowing (30)
 q - a wand of magic darts (29)
 D - a wand of draining (9)
 K - a wand of fire (8)
 T - a wand of magic darts (14)
 U - a wand of enslavement (6)
 V - a wand of fire (4)
 W - a wand of frost (17)
Scrolls
 w - 4 scrolls of magic mapping
 y - 7 scrolls of teleportation
 B - 3 scrolls of fog
 E - 2 scrolls of amnesia
 F - a scroll of silence
Potions
 h - a potion of cancellation
 i - a potion of brilliance
 j - 3 potions of flight
 l - a potion of ambrosia {unknown}
 m - 2 potions of curing
 x - a potion of heal wounds
 z - 5 potions of magic
 C - 2 potions of resistance
 X - a potion of berserk rage
Books
 p - a book of Debilitation

   Spells                             Type                      Level
   a - Corona                         Hexes                        1
   b - Slow                           Hexes                        2
   c - Gell's Gravitas                Hexes/Translocation          3
   d - Inner Flame                    Hexes/Fire                   3
   e - Cause Fear                     Hexes                        4
   f - Leda's Liquefaction            Hexes/Earth                  4
 v - a book of Minor Magic

   Spells                             Type                      Level
   a - Magic Dart                     Conjuration                  1
   b - Blink                          Translocation                2
   c - Call Imp                       Summoning                    2
   d - Repel Missiles                 Charms/Air                   2
   e - Slow                           Hexes                        2
   f - Conjure Flame                  Conjuration/Fire             3
   g - Mephitic Cloud                 Conjuration/Poison/Air       3
 A - a book of Fire

   Spells                             Type                      Level
   a - Ignite Poison                  Fire/Transmutation/Poison    3
   b - Fireball                       Conjuration/Fire             5
   c - Bolt of Fire                   Conjuration/Fire             6
   d - Delayed Fireball               Conjuration/Fire             7
   e - Ring of Flames                 Charms/Fire                  7
 O - the Guide on Dusty Moulding
   (You found it in a labyrinth)

   Spells                             Type                      Level
   a - Stoneskin                      Transmutation/Earth          2
   b - Sticks to Snakes               Transmutation                2
   c - Stone Arrow                    Conjuration/Earth            3
   d - Ice Form                       Ice/Transmutation            4
   e - Statue Form                    Transmutation/Earth          6
 Q - a book of Power

   Spells                             Type                      Level
   a - Fulminant Prism                Conjuration/Hexes            4
   b - Iskenderun's Mystic Blast      Conjuration                  4
   c - Venom Bolt                     Conjuration/Poison           5
   d - Bolt of Magma                  Conjuration/Fire/Earth       5
   e - Iron Shot                      Conjuration/Earth            6
   f - Orb of Destruction             Conjuration                  7
   g - Spellforged Servitor           Conjuration/Summoning        7
Miscellaneous
 S - a phial of floods
Comestibles
 d - 7 bread rations
 f - 6 meat rations
 s - a fruit
 H - 8 slices of pizza
 J - 2 beef jerkies
 Y - a royal jelly


   Skills:
 + Level 6.7 Fighting
 * Level 10.2 Polearms
 - Level 2.0 Throwing
 + Level 7.4 Dodging
 + Level 0.4 Shields
 + Level 5.9 Spellcasting
 - Level 5.0 Conjurations
 + Level 0.6 Translocations
 + Level 1.0 Transmutations
 * Level 5.6 Fire Magic
 - Level 4.4 Air Magic
 - Level 7.4 Poison Magic
 + Level 2.4 Invocations
 * Level 3.6 Evocations


You had 4 spell levels left.
You knew the following spells:

 Your Spells              Type           Power        Failure   Level  Hunger
a - Blink                 Tloc           N/A          6%          2    None
b - Repel Missiles        Chrm/Air       ###...       2%          2    None
c - Mephitic Cloud        Conj/Pois/Air  #####...     1%          3    None
d - Conjure Flame         Conj/Fire      #####...     1%          3    None
e - Ignite Poison         Fire/Trmt/Pois #####...     1%          3    None
f - Fireball              Conj/Fire      #####.....   17%         5    #####..


Dungeon Overview and Level Annotations

Branches:
Dungeon (11/15)            Temple (1/1) D:5            Lair (0/8) D:10
    Orc (1/4) D:9

Altars:
Ashenzari
Cheibriados
Dithmenos
Elyvilon
Fedhas
Gozag
Kikubaaqudgha
Makhleb
Nemelex Xobeh
Okawaru
Qazlal
Ru
Sif Muna
Trog
Vehumet
Xom
Yredelemnul
Zin
The Shining One

Shops:
D:5 (   D:7 *


Innate Abilities, Weirdness & Mutations

You cannot wear most types of armour.
You are amphibious.
You can wear up to eight rings at the same time.
You can use your tentacles to constrict eight enemies at once.
Your skin changes colour to match your surroundings (Stealth).
Your rubbery body absorbs attacks (AC +1).
One of your tentacles bears a spike.
You are partially covered in slimy green scales (AC +2).
You possess an exceptional clarity of mind.
You have an increased reservoir of magic (+10% MP).
You are resistant to hostile enchantments.
Your natural rate of healing is unusually fast.
You are weak. (Str -2)


Message History

Found 20 stones.
There is an open door here.
The helpless ettin fails to defend itself.
You puncture the ettin!
You pierce the ettin, but do no damage.
You squeeze the ettin!
The ettin is moderately wounded.
The ettin hits you with a dire flail!!!
Ouch! That really hurt!
The ettin hits you with a dire flail!!
* * * LOW HITPOINT WARNING * * *
Read which item? (? for menu, Esc to quit)
Okay, then.
Drink which item? (? for menu, Esc to quit)
Okay, then.
Drink which item? (? for menu, Esc to quit)
Okay, then.
Casting: Mephitic Cloud
Confirm with . or Enter, or press ? or * to list all spells.
You blink.
The ettin hits you with a dire flail!!
You die...

#################
#...............#
####.........#####.#
...#≈≈≈≈≈≈≈≈≈#...#.#
.(.#≈≈≈≈≈≈≈≈≈#...#.#
...#8≈≈≈≈≈≈≈8#...#.#
..[#####'#####..:#.#
...#.........'§..#.## ######
...#.........#.C@#..# #.....
...'..#####..#####..# #.....
...#..#####..'.>.#..# #.....
####.).......#...#..# #.....
...'.........#...#..# ######.
...#####'##'######..# #......
...#.....#.)...[.#..#######..>...
...#.....#..†....#...............
...#.....#.......#..#######......


You could see an ettin.

Vanquished Creatures
  A minotaur (Lab)
  Erolcha (D:8)
  A hill giant (D:10)
  The ghost of theElss the Cudgeler, a novice GrBe of Trog (D:10)
  The ghost of Yermak the Covert, a novice SpSk of Xom (D:7)
  A cyclops (D:11)
  Prince Ribbit (D:5)
  3 two-headed ogres
  A trapdoor spider zombie (D:10)
  2 centaur simulacra (D:10)
  Sigmund (D:5)
  A human (D:8)
  A wyvern (D:8)
  A hippogriff (D:9)
  3 yaks (D:10)
  A hungry ghost (D:8)
  Grum (D:9)
  A wraith (D:11)
  2 wolves (D:9)
  A water moccasin (D:5)
  Duvessa (D:5)
  A wasp (D:7)
  2 orc warriors
  3 ice beasts
  6 sky beasts
  7 ogres
  2 phantoms
  2 eyes of draining
  2 centaurs
  2 black bears
  3 necrophages
  4 big kobolds
  A water moccasin zombie (D:8)
  6 giant frogs
  5 scorpions
  Dowan (D:5)
  6 killer bees (D:8)
  15 wights
  3 centaur zombies
  5 crimson imps
  A giant frog zombie (D:8)
  7 orc priests
  10 hounds
  2 centaur skeletons
  6 jellies
  A giant frog skeleton (D:9)
  6 iguanas
  5 worker ants
  Natasha (thrice) (D:3)
  A gnoll shaman (D:10)
  8 orc wizards
  A killer bee zombie (D:10)
  6 sheep
  A hound skeleton (D:11)
  6 gnolls (D:10)
  A killer bee simulacrum (D:10)
  2 worker ant zombies
  16 adders
  5 river rats
  13 white imps
  2 shadow imps
  2 worker ant simulacra (D:10)
  An ufetubus (D:10)
  An ooze (Sewer)
  2 adder zombies
  An adder skeleton (D:4)
  5 worms
  10 giant geckos
  43 orcs
  A ball python (Sewer)
  4 giant cockroaches
  7 goblins
  9 hobgoblins
  20 jackals
  5 quokkas
  10 bats
  7 giant newts
  10 kobolds
  11 rats
355 creatures vanquished.

Vanquished Creatures (others)
  A plant (D:8)
1 creature vanquished.

Grand Total: 356 creatures vanquished

Notes
Turn   | Place    | Note
--------------------------------------------------------------
     0 | D:1      | inmateoo the Octopode Gladiator began the quest for the Orb.
     0 | D:1      | Reached XP level 1. HP: 14/14 MP: 1/1
   298 | D:1      | Reached XP level 2. HP: 19/19 MP: 2/2
  1139 | D:2      | Reached XP level 3. HP: 23/25 MP: 3/3
  1774 | D:3      | Reached skill level 4 in Polearms
  1784 | D:2      | Reached XP level 4. HP: 28/30 MP: 4/4
  2063 | D:3      | Reached XP level 5. HP: 27/36 MP: 5/5
  2206 | D:3      | Learned a level 2 spell: Blink
  2209 | D:3      | Learned a level 2 spell: Repel Missiles
  2223 | D:3      | Noticed Natasha
  2229 | D:3      | Killed Natasha
  2272 | D:3      | Noticed Natasha
  2276 | D:3      | Killed Natasha
  2361 | D:3      | Noticed Natasha
  2367 | D:3      | Killed Natasha
  2367 | D:3      | Reached skill level 1 in Spellcasting
  2790 | D:3      | Reached skill level 5 in Polearms
  3056 | D:4      | Reached XP level 6. HP: 42/42 MP: 7/7
  3194 | D:4      | Reached XP level 7. HP: 46/46 MP: 8/10
  3239 | D:4      | Learned a level 3 spell: Mephitic Cloud
  3360 | D:5      | Entered Level 5 of the Dungeon
  3360 | D:5      | Noticed Duvessa
  3360 | D:5      | Noticed Dowan
  3399 | D:5      | Reached skill level 1 in Air Magic
  3457 | D:5      | Found a white marble altar of Elyvilon.
  3482 | D:5      | Found a staircase to the Ecumenical Temple.
  3508 | Temple   | Entered the Ecumenical Temple
  3685 | D:5      | Found a glowing drain.
  3693 | Sewer    | Entered a sewer
  3699 | Sewer    | Reached skill level 6 in Polearms
  4136 | D:5      | Reached XP level 8. HP: 49/54 MP: 10/12
  4219 | D:5      | Noticed Prince Ribbit
  4225 | D:5      | Killed Prince Ribbit
  4225 | D:5      | Reached skill level 1 in Poison Magic
  4260 | D:5      | Reached skill level 1 in Conjurations
  4430 | D:5      | Found Muovuuc's Weapon Emporium.
  4473 | D:5      | Reached skill level 7 in Polearms
  4473 | D:5      | Reached skill level 5 in Dodging
  4480 | D:5      | Killed Dowan
  4959 | D:6      | Reached XP level 9. HP: 56/59 MP: 9/13
  5168 | D:7      | Noticed Yermak's ghost (novice SpSk)
  5454 | D:7      | Learned a level 3 spell: Conjure Flame
  5608 | D:7      | Gained mutation: You tend to lose your temper in combat. [potion of mutation]
  5608 | D:7      | Gained mutation: You are partially covered in slimy green scales (AC +2). [potion of mutation]
  5608 | D:7      | Gained mutation: You are resistant to hostile enchantments. [potion of mutation]
  5680 | D:7      | Found an ancient bone altar of Kikubaaqudgha.
  5685 | D:7      | Found a snail-covered altar of Cheibriados.
  5689 | D:7      | Became a worshipper of Cheibriados the Contemplative
  5695 | D:7      | Found an iron altar of Okawaru.
  5700 | D:7      | Found a burning altar of Makhleb.
  5778 | D:7      | Reached skill level 1 in Fire Magic
  5782 | D:7      | Reached skill level 5 in Poison Magic
  5810 | D:7      | Found Deasureh's Assorted Antiques.
  5890 | D:7      | Reached skill level 5 in Fighting
  5923 | D:7      | Bought a scroll of identify for 58 gold pieces
  5923 | D:7      | Bought a silvery potion for 26 gold pieces
  5923 | D:7      | Bought a knobbly emerald ring for 145 gold pieces
  5923 | D:7      | Bought a murky ruby potion for 26 gold pieces
  5923 | D:7      | Bought a scroll of fog for 58 gold pieces
  5923 | D:7      | Bought a golden potion for 26 gold pieces
  6078 | D:8      | Reached * piety under Cheibriados
  6104 | D:8      | Reached skill level 8 in Polearms
  6108 | D:8      | Gained mutation: Your flesh is heat resistant. [mutagenic meat]
  6109 | D:8      | Lost mutation: Your flesh is heat resistant. [mutagenic meat]
  6110 | D:8      | Gained mutation: You are highly resistant to hostile enchantments. [mutagenic meat]
  6111 | D:8      | Gained mutation: You possess an exceptional clarity of mind. [mutagenic meat]
  6112 | D:8      | Lost mutation: You tend to lose your temper in combat. [mutagenic meat]
  6113 | D:8      | Gained mutation: Your natural rate of healing is unusually fast. [mutagenic meat]
  6280 | D:8      | Reached XP level 10. HP: 63/66 MP: 10/16
  6440 | D:8      | Learned a level 3 spell: Ignite Poison
  6480 | D:8      | Found a shattered altar of Ashenzari.
  6574 | D:8      | Noticed Erolcha
  6587 | D:8      | Killed Erolcha
  6998 | D:8      | Reached ** piety under Cheibriados
  7378 | D:7      | Killed Yermak's ghost
  7378 | D:7      | Reached skill level 9 in Polearms
  7485 | D:7      | Reached skill level 5 in Spellcasting
  7681 | D:5      | Killed Duvessa
  7733 | D:5      | Noticed Sigmund
  7740 | D:5      | Killed Sigmund
  7950 | D:9      | Reached XP level 11. HP: 64/72 MP: 18/18
  7974 | D:9      | Noticed Grum
  8054 | D:9      | Reached *** piety under Cheibriados
  8109 | D:9      | Found a staircase to the Orcish Mines.
  8145 | Orc:1    | Entered Level 1 of the Orcish Mines
  8246 | Orc:1    | Found a frozen archway.
  8281 | IceCv    | Entered an ice cave
  8401 | Orc:1    | Reached **** piety under Cheibriados
  8735 | D:9      | Killed Grum
  8862 | D:9      | Found a deep blue altar of Sif Muna.
  9101 | D:9      | Learned a level 5 spell: Fireball
  9138 | D:10     | Entered Level 10 of the Dungeon
  9141 | D:10     | Found a staircase to the Lair.
  9362 | D:10     | Noticed theElss's ghost (novice GrBe)
  9405 | D:11     | Found a labyrinth entrance.
  9414 | Lab      | Entered a labyrinth
  9685 | Lab      | Noticed a minotaur
  9700 | Lab      | Killed a minotaur
  9712 | Lab      | Got a transparent steel ring
  9713 | Lab      | Got a slimy war axe {chop}
  9724 | Lab      | Identified the Guide on Dusty Moulding
  9724 | Lab      | Got a fine amber ring
  9725 | Lab      | Identified the ring of the Pariah {+Fly rN++ MR+++ Stlth-} (You found it in a labyrinth)
  9726 | Lab      | Identified the ring "Ruh Kier" {rPois Str+4 Int+4 SInv} (You took it off a minotaur in a labyrinth)
  9737 | D:11     | Identified the +6 war axe "Niuhew" {chop, *Noise rElec rC- MP+9} (You took it off a minotaur in a labyrinth)
  9739 | D:11     | Identified a +2 rod of inaccuracy (9/9) (You found it in a labyrinth)
  9740 | D:11     | Identified a +0 rod of ignition (9/9) (You found it in a labyrinth)
  9745 | D:11     | Reached ***** piety under Cheibriados
  9926 | D:10     | Reached skill level 1 in Invocations
  9930 | D:10     | Reached skill level 1 in Evocations
 10048 | D:10     | Killed theElss's ghost
 10048 | D:10     | Reached skill level 5 in Fire Magic
 10399 | D:10     | Gained mutation: One of your tentacles bears a spike. [mutagenic meat]
 10400 | D:10     | Gained mutation: You are weak. (Str -2) [mutagenic meat]
 10406 | D:10     | Noticed a hill giant
 10415 | D:10     | Killed a hill giant
 10467 | D:10     | Reached skill level 10 in Polearms
 10545 | D:10     | Gained mutation: You have an increased reservoir of magic (+10% MP). [mutagenic meat]
 10546 | D:10     | Lost mutation: You are highly resistant to hostile enchantments. [mutagenic meat]
 11046 | D:11     | Reached skill level 5 in Conjurations
 11115 | D:11     | Reached XP level 12. HP: 58/80 MP: 1/23
 11443 | D:11     | Reached ****** piety under Cheibriados
 11443 | D:11     | Reached skill level 1 in Transmutations
 11477 | D:11     | Noticed an ettin
 11480 | D:11     | Demolished by an ettin

Action                   |  1- 3 |  4- 6 |  7- 9 | 10-12 || total
-------------------------+-------+-------+-------+-------++-------
Melee: Trident           |    77 |   106 |   356 |   609 ||  1148
 Cast: Repel Missiles    |       |       |     1 |     2 ||     3
       Mephitic Cloud    |       |       |    16 |    32 ||    48
       Conjure Flame     |       |       |     5 |    29 ||    34
       Blink             |       |       |     1 |     6 ||     7
       Ignite Poison     |       |       |       |     1 ||     1
       Fireball          |       |       |       |     6 ||     6
Invok: Temporal Distorti |       |       |       |     1 ||     1
  Use: Scroll            |     5 |     5 |    11 |     8 ||    29
       Potion            |       |     2 |     4 |    11 ||    17
 Stab: Sleeping          |    10 |     7 |     9 |    15 ||    41
       Distracted        |       |     1 |       |     1 ||     2
       Confused          |       |       |    12 |    22 ||    34
  Eat: Chunk             |     2 |     6 |    17 |    15 ||    40
       Pizza             |       |       |     2 |       ||     2
       Beef jerky        |       |       |     1 |     3 ||     4
       Fruit             |       |       |       |     1 ||     1
